 Dungeon Crawl Stone Soup version 0.30-a0-12-gd8047c6341 (webtiles) character file.

Game seed: 9423335684758624265

1950 nickcage the Destroyer (level 8, -2/57 HPs)
             Began as a Pale Draconian Conjurer on Aug 23, 2022.
             Was a Believer of Vehumet.
             Slain by an orc wizard
             ... wielding a +0 dagger
              (4 damage)
             ... on level 6 of the Dungeon.
             The game lasted 00:25:21 (8593 turns).

nickcage the Destroyer (Pale Draconian Conjurer)    Turns: 8593, Time: 00:25:22

Health: -2/57      AC: 10    Str:  9    XL:     8   Next: 99%
Magic:  1/17       EV: 12    Int: 22    God:    Vehumet [**....]
Gold:   339        SH:  0    Dex: 15    Spells: 3/19 levels left

rFire   . . .      SeeInvis .    v - +1 rapier
rCold   . . .      Faith    .    (no shield)
rNeg    . . .      Spirit   .    (body armour unavailable)
rPois   .          Reflect  .    (helmet restricted)
rElec   .          Harm     .    m - +1 cloak
rCorr   .          Rampage  .    (no gloves)
Will    .....                    j - +1 pair of boots
Stlth   ++........               (no amulet)
HPRegen 0.19/turn                r - +6 ring of dexterity
MPRegen 0.15/turn                (no ring)

@: no status effects
A: breathe steam, AC +6, unfitting armour, cold-blooded, steam resistance
a: Breathe Steam, Renounce Religion


You were on level 6 of the Dungeon.
You worshipped Vehumet.
Vehumet was pleased with you.
You visited 1 branch of the dungeon, and saw 7 of its levels.
You also visited: Sewer.

You collected 367 gold pieces.
You spent 28 gold pieces at shops.

Inventory:

Hand Weapons
 f - a +0 mace
 g - a +0 trident
 v - a +1 rapier (weapon)
Armour
 b - a +0 pair of boots
 j - a +1 pair of boots (worn)
 m - a +1 cloak (worn)
 n - a +2 kite shield
Jewellery
 r - a +6 ring of dexterity (left hand)
Wands
 p - a wand of charming (10)
Scrolls
 d - a scroll of immolation
 e - 2 scrolls of blinking
 o - a scroll of butterflies
 q - a scroll of enchant weapon
 t - a scroll of identify
Potions
 a - 4 potions of magic
 c - 2 potions of invisibility {unknown}
 h - a potion of mutation {unknown}
 i - a potion of berserk rage
 k - 3 potions of heal wounds
 l - 2 potions of flight
 s - 2 potions of haste {unknown}
 u - 3 potions of curing {unknown}
 x - a potion of degeneration {unknown}


   Skills:
 - Level 1.0 Polearms
 - Level 1.7 Dodging
 - Level 1.7 Stealth
 - Level 6.0 Spellcasting
 + Level 10.4 Conjurations
 - Level 1.0 Hexes
 - Level 1.0 Translocations


You had 3 spell levels left.
You knew the following spells:

 Your Spells              Type           Power      Damage    Failure   Level
a - Magic Dart            Conj           100%       1d8       1%          1
b - Searing Ray           Conj           100%       2d8       1%          2
c - Fulminant Prism       Conj/Hex       15%        3d11      9%          4
d - Iskenderun's Mystic   Conj/Tloc      32%        2d8       9%          4
e - Irradiate             Conj/Tmut      14%        3d16      30%         5

Your spell library contained the following spells:

 Spells                   Type           Power      Damage    Failure   Level
 Poisonous Vapours        Pois/Air       12%        N/A       14%         2
 Shock                    Conj/Air       100%       1d9       1%          1
 Static Discharge         Conj/Air       29%        3-7/arc   1%          2
 Dazzling Flash           Conj/Hex       62%        N/A       2%          3
 Sublimation of Blood     Necr           6%         N/A       14%         2
 Gell's Gravitas          Tloc           11%        N/A       19%         3
 Lesser Beckoning         Tloc           11%        N/A       19%         3
 Teleport Other           Tloc           11%        N/A       19%         3
 Summon Guardian Golem    Hex/Summ       8%         N/A       22%         3
 Swiftness                Air            6%         N/A       26%         3
 Sticky Flame             Conj/Fire      29%        2d5       11%         4
 Airstrike                Air            3%         2d(1-17)  65%         4
 Dispel Undead            Necr           6%         3d8       65%         4
 Petrify                  Tmut/Erth      6%         N/A       65%         4
 Orb of Destruction       Conj           25%        9d9       71%         7
 Spellforged Servitor     Conj/Summ      14%        N/A       100%        7


Dungeon Overview and Level Annotations

Branches:
Dungeon (7/15)             Temple (0/1) D:6           Sewer (visited)

Altars:
Elyvilon
Fedhas
Okawaru
Sif Muna
Uskayaw
Vehumet
Wu Jian
Yredelemnul

Shops:
D:1 [   D:4 !:*   D:6 =


Innate Abilities, Weirdness & Mutations

You can breathe blasts of scalding, opaque steam.
Your pale cyan-grey scales are hard. (AC +6)
You cannot fit into any form of body armour.
You are cold-blooded and may be slowed by cold attacks.
You are immune to the effects of steam.


Message History

Casting: Iskenderun's Mystic Blast (dangerous; 9% risk of failure)
Confirm with . or Enter, or press ? or * to list all spells.
You erupt in a blast of force!
The mystic blast hits the orc warrior!
The orc warrior is almost dead.
The orc warrior is knocked back by the mystic blast.
Aiming: Magic Dart (safe; 1% risk of failure)
Press: ? - help, Q - select action, (/) - cycle Shift-Dir - straight line, f - orc warrior
Aim: an orc warrior, wielding a +0 hand axe and wearing a +0 plate armour (almost dead, 100% to hit)
The magic dart hits the orc warrior.
The orc warrior is almost dead.
Deactivating autopickup; reactivate with Ctrl-A.
You closely miss something. Something hits you.
The orc warrior hits you with a +0 hand axe!
* * * LOW HITPOINT WARNING * * *
You barely miss the orc warrior.
The orc warrior is almost dead.
Something completely misses you.
The orc warrior hits you with a +0 hand axe!
* * * LOW HITPOINT WARNING * * *
You hit the orc warrior.
You kill the orc warrior!
Vehumet accepts your kill.
You feel your power returning. Something hits you but does no damage.
You miss something. Something completely misses you.
You hit something.
Your tail-slap misses something.
Something hits you.
* * * LOW HITPOINT WARNING * * *
You hear some strange, mumbled words.
A puff of flame appears from out of thin air!
The puff of flame misses you.
Aiming: Magic Dart (safe; 1% risk of failure)
Press: ? - help, Q - select action, (/) - cycle Shift-Dir - straight line, f - you That beam is likely to hit you.
Continue anyway? [Y]es or [N]o only, please.
That beam is likely to hit you.
Continue anyway?
Okay, then.
Aiming: Magic Dart (safe; 1% risk of failure)
Press: ? - help, Q - select action, (/) - cycle Shift-Dir - straight line The magic dart hits something but does no damage.
Something hits you.
You die...

.............## ##...# ##....###
..............## ##..####......##
..........∩....## ##..##.........
#...............## #......##.....
#................####....###..###
...................##...###...#
........................###...#
.......................###....#
.#.............)@{......##>..##
.##..........####............#
.####.......## ##....#......# .#
#.......# #...#####...## # .#
##......# ##..## ##...### .#
##......#####..## ##..... .#
#..........#...# ##..... .#
##.....###.....## #...###
.###.....## ###....# ##...# #


There were no monsters in sight!

Vanquished Creatures
  A water moccasin (D:5)
  2 orc warriors (D:6)
  Duvessa (D:7)
  A black bear (D:5)
  2 ice beasts
  A sky beast (D:6)
  2 phantoms
  A scorpion (D:6)
  A necrophage (D:4)
  Dowan (D:7)
  3 hounds
  A jelly (D:5)
  4 orc priests
  4 iguanas
  6 orc wizards
  12 adders
  11 river rats
  A shadow imp (D:6)
  A white imp (D:6)
  An ufetubus (D:6)
  4 dart slugs
  2 worms
  27 orcs
  3 ball pythons
  7 bats
  6 endoplasms
  2 giant cockroaches (D:3)
  6 goblins
  7 hobgoblins
  3 jackals (Sewer)
  9 quokkas
  3 frilled lizards
  12 kobolds
  31 rats
179 creatures vanquished.

Vanquished Creatures (others)
  7 fulminant prisms
7 creatures vanquished.

Grand Total: 186 creatures vanquished

Notes
Turn   | Place    | Note
-------+----------+-------------------------------------------
     0 | D:1      | nickcage the Draconian Conjurer began the quest for the
                  | Orb.
     0 | D:1      | Reached XP level 1. HP: 14/14 MP: 3/3
   456 | D:1      | Reached XP level 2. HP: 20/20 MP: 3/5
   485 | D:1      | Found Isuat's Antique Armour Emporium.
  1114 | D:1      | Found a faded altar of an unknown god.
  1302 | D:2      | Reached XP level 3. HP: 26/26 MP: 1/6
  1488 | D:2      | Reached skill level 1 in Polearms
  1491 | D:2      | Learned a level 2 spell: Searing Ray
  1615 | D:2      | Found a blossoming altar of Fedhas.
  1897 | D:2      | Reached skill level 5 in Conjurations
  1973 | D:2      | Reached XP level 4. HP: 33/33 MP: 2/7
  2429 | D:3      | Found a glowing drain.
  2514 | Sewer    | Entered a sewer
  2622 | Sewer    | Noticed a kobold brigand
  2704 | Sewer    | Noticed a kobold brigand
  2890 | D:3      | Found a hide-covered altar of Uskayaw.
  2964 | D:3      | Found an iron altar of Okawaru.
  3095 | D:3      | Reached XP level 5. HP: 38/38 MP: 2/9
  3572 | D:3      | Found a radiant altar of Vehumet.
  3587 | D:3      | Became a worshipper of Vehumet
  4096 | D:4      | Reached skill level 6 in Conjurations
  4136 | D:4      | Found Odeurghaiti's Book Emporium.
  4218 | D:4      | Reached XP level 6. HP: 45/45 MP: 8/12
  4250 | D:4      | Learned a level 4 spell: Fulminant Prism
  4255 | D:4      | Learned a level 4 spell: Iskenderun's Mystic Blast
  4337 | D:4      | Found Ypsex's General Store.
  4342 | D:4      | Bought a scroll of identify for 28 gold pieces
  4638 | D:4      | Found a shimmering blue altar of Sif Muna.
  4780 | D:4      | You fall into a shaft and drop 2 floors!
  4785 | D:5      | Entered Level 5 of the Dungeon
  4807 | D:5      | Found a basalt altar of Yredelemnul.
  5001 | D:4      | Found Aseqizu's Distillery.
  5234 | D:5      | Noticed a water moccasin
  5242 | D:5      | Killed a water moccasin
  5243 | D:5      | Reached skill level 5 in Spellcasting
  5243 | D:5      | Reached skill level 1 in Translocations
  5243 | D:5      | Your scales start taking on a pale cyan-grey colour.
  5243 | D:5      | Reached XP level 7. HP: 36/50 MP: 4/14
  5243 | D:5      | Gained mutation: You are immune to the effects of steam.
                  | [Pale Draconian growth]
  5371 | D:5      | Reached skill level 1 in Hexes
  5649 | D:5      | Reached * piety under Vehumet
  5649 | D:5      | Offered knowledge of Foxfire by Vehumet.
  5917 | D:5      | Reached skill level 7 in Conjurations
  6083 | D:5      | Found an ornate altar of the Wu Jian Council.
  6455 | D:5      | Learned a level 5 spell: Irradiate
  6609 | D:6      | Reached XP level 8. HP: 57/57 MP: 7/17
  6943 | D:6      | Reached skill level 8 in Conjurations
  7129 | D:6      | Found a staircase to the Ecumenical Temple.
  7224 | D:6      | Found Zoyjymn's Jewellery Emporium.
  7268 | D:6      | Reached skill level 9 in Conjurations
  7518 | D:6      | Found a white marble altar of Elyvilon.
  7953 | D:7      | Noticed Duvessa
  8050 | D:7      | Reached ** piety under Vehumet
  8058 | D:7      | Offered knowledge of Poisonous Vapours by Vehumet.
  8336 | D:7      | Noticed Dowan
  8339 | D:7      | Killed Duvessa
  8340 | D:7      | Reached skill level 10 in Conjurations
  8459 | D:7      | Killed Dowan
  8592 | D:6      | HP: 2/57 [something (4)]
  8593 | D:6      | Slain by an orc wizard

Illustrated notes

Levels and vault maps discovered:
D:1:      wander_arrival_estate, layout_basic,
          shapermc_ecumenical_altar_acropolis, serial_shops, shop
D:2:      minmay_alternating_diamond, layout_loops_cross, basic_altar,
          kennysheep_generic_room_14
D:3:      layout_loops_ring, okawaru_metal_pillars_1_2,
          mainiacjoe_overflow_cross_hatched, nicolae_uskayaw_suspiria,
          portal_sewer_entry_a
D:4:      layout_basic, nicolae_sif_muna_condensation, serial_shops,
          nicolae_square_shop, shop, shop
D:5:      layout_loops_ring, kennysheep_mini, mainiacjoe_overflow_alcove_2,
          hex_large
D:6:      layout_layer_cave, nicolae_elyvilon_peaceful_grove,
          minmay_temple_entry_proselytizer, serial_shops, shop,
          nicolae_ossuary_entry_monument
D:7:      lemuel_ratsnest, layout_cave_pools, serial_column_ruins,
          column_ruins_hut_ruined, column_ruins_grid_1,
          column_ruins_columns_straight, column_ruins_columns_dead_end,
          column_ruins_open_small, column_ruins_grid_1,
          column_ruins_open_medium, column_ruins_corridor_corner,
          grunt_ministairs_4, nrook_pool_corridor, uniq_duvessa

Skill      XL: |  1  2  3  4  5  6  7  8 |
---------------+-------------------------+-----
Polearms       | 1 |  1.0
Conjurations   | 5 6 7 10 | 10.4
Spellcasting   | 3 4 5 6 |  6.0
Translocations | 1 |  1.0
Hexes          | 1 |  1.0
Dodging        | |  1.7
Stealth        | |  1.7

Action                   |  1- 3 |  4- 6 |  7- 9 || total
-------------------------+-------+-------+-------++-------
Melee: Trident           |       |    29 |       ||    29
       Tailslap          |       |     1 |     5 ||     6
       Rapier            |       |       |    43 ||    43
 Cast: Magic Dart        |    70 |    95 |    78 ||   243
       Searing Ray       |       |    16 |    26 ||    42
       Iskenderun's Myst |       |       |     7 ||     7
       Fulminant Prism   |       |       |     7 ||     7
  Use: Scroll            |       |     4 |    10 ||    14
 Stab: Sleeping          |       |     1 |     1 ||     2
Armor: Skin              |     1 |    23 |    30 ||    54
Dodge: Dodged            |     3 |    54 |    64 ||   121

Table legend: (Time is in decaauts)
 A = Elapsed time spent in this place.
 B = Non-inter-level travel time spent in this place.
 C = Inter-level travel time spent in this place.
 D = Time resting spent in this place.
 E = Time spent auto-exploring this place.
 F = Levels seen in this place.
 G = Mean time per level.
                   A        B        C        D        E       F      G
               +--------+--------+--------+--------+--------+-----+--------+
         Total |   8661 |   8427 |    234 |    694 |   6703 |   8 | 1082.6 |
       Dungeon |   8256 |   8022 |    234 |    455 |   6639 |   7 | 1179.4 |
         Sewer |    404 |    404 |      0 |    239 |     63 |   1 |  404.0 |
               +--------+--------+--------+--------+--------+-----+--------+

Top non-repeatable levels by time:
     D:6: 1768 daAuts
     D:4: 1321 daAuts
     D:1: 1276 daAuts
     D:5: 1253 daAuts
     D:2: 1141 daAuts
     D:3: 1086 daAuts
     D:7: 407 daAuts
   Sewer: 404 daAuts
